 Dungeon Crawl Stone Soup version 0.29.1-12-g30fa7ad0bf (webtiles) character file.

Game seed: 14221799970663139632

380 hawla the Chiller (level 7, 0/51 HPs)
             Began as a Meteoran Ice Elementalist on Jan 9, 2023.
             Slain by an iguana (10 damage)
             ... on level 5 of the Dungeon.
             The game lasted 00:06:08 (1537 turns).

hawla the Chiller (Meteoran Ice Elementalist)       Turns: 1537, Time: 00:06:08

Health: 0/51       AC:  4    Str: 10    XL:     7   Next: 26%
Magic:  17/23      EV: 13    Int: 18    God:
Gold:   1          SH:  0    Dex: 15    Spells: 6/14 levels left

rFire   . . .      SeeInvis .   e - +1 long sword (vorpal)
rCold   . . .      Faith    .   (no shield)
rNeg    . . .      Spirit   .   a - +0 robe
rPois   .          Reflect  .   (no helmet)
rElec   .          Harm     .   j - +0 cloak
rCorr   .          Rampage  .   (no gloves)
Will    .....                   l - +0 pair of boots
Stlth   +.........              (no amulet)
HPRegen 0.17/turn               q - ring of magical power
MPRegen 0.18/turn               (no ring)

@: mighty, freezing walls, glowing
A: sense surroundings 1, otherworldly, glowing, explore regen
a: no special abilities


You were on level 5 of the Dungeon.
You visited 1 branch of the dungeon, and saw 5 of its levels.

You collected 133 gold pieces.
You spent 132 gold pieces at shops.

Inventory:

Hand Weapons
 e - a +1 vorpal long sword (weapon)
Armour
 a - a +0 robe (worn)
 j - a +0 cloak (worn)
 l - a +0 pair of boots (worn)
Jewellery
 q - a ring of magical power (left hand)
Scrolls
 d - 2 scrolls of amnesia {unknown}
 f - a scroll of vulnerability {unknown}
 h - a scroll of blinking {unknown}
 k - a scroll of fear {unknown}
 m - a scroll of fog
 n - 2 scrolls of teleportation
 o - a scroll of identify
 p - a scroll of enchant weapon {unknown}
Potions
 b - a potion of magic
 c - a potion of mutation {unknown}
 g - a potion of curing {unknown}
 i - a potion of might


   Skills:
 + Level 0.5 Fighting
 + Level 1.2 Long Blades
 + Level 2.8 Dodging
 - Level 1.4 Stealth
 + Level 4.2 Spellcasting
 + Level 5.3 Conjurations
 + Level 5.7 Ice Magic


You had 6 spell levels left.
You knew the following spells:

 Your Spells              Type           Power      Damage    Failure   Level
a - Freeze                Ice            96%        1d11      1%          1
b - Frozen Ramparts       Ice            48%        1d8       4%          3
c - Hailstorm             Conj/Ice       23%        3d7       14%         4

Your spell library contained the following spells:

 Spells                   Type           Power      Damage    Failure   Level
 Ozocubu's Armour         Ice            24%        N/A       4%          3
 Gell's Gravitas          Tloc           3%         N/A       41%         3
 Teleport Other           Tloc           3%         N/A       41%         3
 Dispersal                Tloc           1%         N/A       100%        6


Dungeon Overview and Level Annotations

Branches:
Dungeon (5/15) Zot: 1438
 Temple: D:4-7

Altars:
Ashenzari
Dithmenos
Gozag

Shops:
D:4 ?


Innate Abilities, Weirdness & Mutations

You passively map a small area around you.
You are easily found by Zot.
You glow in the dark.
You regain HP and MP as you explore.


Message History

The orc shouts!
You slash the phantom!
The phantom is severely damaged.
The phantom hits you. The iguana barely misses you.
Casting: Hailstorm (quite dangerous; 14% risk of failure)
Confirm with . or Enter, or press ? or * to list all spells.
Casting: Frozen Ramparts (dangerous; 4% risk of failure)
Press: ? - help, Dir - look around, f - activate The walls around you are covered in ice.
The wall freezes the orc!
You kill the orc!
The wall freezes the orc!
You kill the orc!
The phantom completely resists.
The wall freezes the phantom but does no damage.
The phantom barely misses you.
The wall freezes the iguana but does no damage.
The iguana bites you!
You closely miss the phantom.
The phantom is severely damaged.
The phantom resists.
The wall freezes the phantom.
The phantom closely misses you.
The wall freezes the iguana.
The iguana bites you!
The wall freezes the hound.
The wall freezes the iguana.
The iguana bites you.
* * * LOW HITPOINT WARNING * * *
The wall freezes the orc.
The phantom completely resists.
The wall freezes the phantom but does no damage.
The phantom barely misses you.
It was a potion of might.
You feel very mighty all of a sudden.
The wall freezes the hound. x2; The hound closely misses you.
The wall freezes the orc!
You kill the orc!
The phantom completely resists.
The wall freezes the phantom but does no damage.
The phantom hits you.
* * * LOW HITPOINT WARNING * * *
The wall freezes the iguana.
The iguana seems to slow down.
The iguana bites you!
You die...

, , , , , .... , , .
, ... , ..
,..##.o#,...o , * #[
*.....##..o .##.
...,.... ,
,.....###)#,.... , ,
, ......lW.##.o.. ,
, , , #..h@)...... ,
.. , , ##..#.).##..
... ,
.....##..#######..#
##........##......[.
*
#..#...#..#.....###
* *
#..##......>.......
* ,
.......####..######
*####.###*
#......... ...
#.)#.####. *


You could see a phantom, an iguana (slow), a hound, an orc wizard and an orc.

Vanquished Creatures
  2 scorpions (D:4)
  A hound (D:5)
  A jelly (D:4)
  2 iguanas (D:4)
  Jessica (D:3)
  4 gnolls (D:4)
  3 adders
  An ufetubus (D:4)
  A worm (D:2)
  A dart slug (D:4)
  4 orcs
  4 ball pythons
  4 endoplasms
  2 giant cockroaches (D:4)
  5 goblins
  6 hobgoblins
  3 jackals (D:1)
  A quokka (D:4)
  5 frilled lizards
  3 kobolds
  4 rats (D:1)
58 creatures vanquished.

Vanquished Creatures (others)
  2 fungi (D:1)
  2 plants (D:1)
4 creatures vanquished.

Grand Total: 62 creatures vanquished

Notes
Turn   | Place    | Note
-------+----------+-------------------------------------------
     0 | D:1      | hawla the Meteoran Ice Elementalist began the quest for the
                  | Orb.
     0 | D:1      | Reached XP level 1. HP: 14/14 MP: 5/5
    89 | D:1      | Reached XP level 2. HP: 20/20 MP: 6/6
   240 | D:1      | Found a faded altar of an unknown god.
   307 | D:1      | Reached skill level 5 in Ice Magic
   356 | D:1      | Reached XP level 3. HP: 21/26 MP: 6/8
   379 | D:2      | Found an opulent altar of Gozag.
   389 | D:2      | Learned a level 3 spell: Frozen Ramparts
   445 | D:3      | Noticed Jessica
   448 | D:3      | Killed Jessica
   449 | D:3      | Reached XP level 4. HP: 33/33 MP: 4/10
   454 | D:3      | Learned a level 4 spell: Hailstorm
   640 | D:4      | Reached XP level 5. HP: 38/38 MP: 1/11
   791 | D:4      | Found a broken altar of Ashenzari.
   819 | D:4      | Reached XP level 6. HP: 45/45 MP: 4/12
   911 | D:4      | Found a shadowy altar of Dithmenos.
  1055 | D:4      | Reached skill level 5 in Conjurations
  1280 | D:4      | Found Daredusk's Magic Scroll Shoppe.
  1288 | D:4      | Bought a scroll of fog for 44 gold pieces
  1288 | D:4      | Bought a scroll of teleportation for 33 gold pieces
  1288 | D:4      | Bought a scroll of identify for 22 gold pieces
  1288 | D:4      | Bought a scroll of teleportation for 33 gold pieces
  1383 | D:4      | Reached XP level 7. HP: 35/50 MP: 2/13
  1423 | D:4      | Reached skill level 1 in Long Blades
  1486 | D:5      | Entered Level 5 of the Dungeon
  1537 | D:5      | Slain by an iguana

Illustrated notes

Levels and vault maps discovered:
D:1:      mushboom_english_gardens, layout_basic,
          dreamdust_ecumenical_altar_hidden_monk_grotto
D:2:      layout_rooms, basic_altar, hangedman_decor_lopped, nrook_campfire
D:3:      layout_basic, gammafunk_temple_overflow_pools, uniq_jessica,
          uniq_terence, uniq_natasha
D:4:      minmay_octagon_keep, layout_loops_corners, grunt_dithmenos_smoke,
          mainiacjoe_overflow_brackets, serial_shops, shop
D:5:      layout_basic, hangedman_decor_points, st_stairs_4,
          minmay_misc_feat_rows

Skill      XL: |  1  2  3  4  5  6  7 |
---------------+----------------------+-----
Ice Magic      | 5 |  5.7
Spellcasting   | 3 4 |  4.2
Conjurations   | 2 4 5 |  5.3
Long Blades    | 1 |  1.2
Fighting       | |  0.5
Dodging        | |  2.8
Stealth        | |  1.4

Action                   |  1- 3 |  4- 6 |  7- 9 || total
-------------------------+-------+-------+-------++-------
Melee: Long sword        |    24 |    27 |    19 ||    70
 Cast: Freeze            |    25 |     4 |     6 ||    35
       Frozen Ramparts   |     2 |     7 |     4 ||    13
       Hailstorm         |       |     8 |     1 ||     9
  Use: Potion            |       |       |     1 ||     1
Armor: Robe              |     6 |    10 |    12 ||    28
Dodge: Dodged            |    28 |    23 |    16 ||    67
